Map: Szmaragdowe Miasto ER

Players

Esharell - Winner!

  • Race: Zerg Zerg
  • League: Platinum
  • Spawn Location: 11:00

Legol - Winner!

  • Race: Protoss Protoss
  • League: Platinum
  • Spawn Location: 11:00

Will

  • Race: Zerg Zerg
  • Spawn Location: 5:00

Choubiquem

  • Race: Protoss Protoss
  • Spawn Location: 5:00

VOD

Have the link to the VOD?

Description

Time

  • Played on: Jan. 9, 2020, 3:16 p.m.
  • Length: 10:58
Show
View Real Time Build Order
Export as new Build Order

Esharell Zerg - Winner!

Build Orders: Hatch First 

Get SALT Encoding   

  12  0:01  Drone  
  13  0:12  Overlord  
  13  0:17  Drone  
  14  0:31  Drone x2  
  16  0:35  Drone  
  17  0:55  Drone  
  18  0:59  Hatchery  
  18  1:03  Drone  
  18  1:10  Extractor  
  17  1:18  Spawning Pool  
  17  1:19  Drone  
  17  1:20  Drone  
  18  1:29  Drone  
  19  1:39  Drone  
  20  1:49  Overlord  
  20  2:05  Zergling x2  
  21  2:10  Queen  
  21  2:13  Queen  
  21  2:15  Drone x2  
  27  2:19  Metabolic Boost  
  27  2:29  Drone x2  
  29  2:38  Drone x2  
  31  2:45  Overlord  
  31  2:46  Drone  
  32  2:58  Drone  
  32  2:59  Baneling Nest  
  32  3:00  Drone  
  32  3:03  Spine Crawler  
  31  3:06  Zergling x4  
  33  3:18  Drone x2  
  35  3:21  Zergling x2  
  35  3:22  Zergling x4  
  38  3:27  Spine Crawler  
  38  3:31  Spine Crawler  
  38  3:32  Drone  
  38  3:33  Drone x3  
  40  3:36  Zergling x2  
  41  3:44  Zergling x2  
  41  3:47  Baneling  
  41  3:48  Zergling x2, Baneling x2  
  42  3:54  Overlord  
  43  4:15  Lair  
  43  4:19  Drone x3  
  43  4:21  Extractor  
  45  4:34  Hatchery  
  44  4:39  Drone x3  
  44  4:40  Drone x4  
  44  4:45  Extractor x2  
  42  5:14  Drone x3  
  42  5:15  Drone x2  
  42  5:16  Drone  
  48  5:21  Spire  
  48  5:23  Drone x2  
  49  5:29  Zergling x4  
  51  5:39  Overlord  
  51  5:40  Overlord x2  
  51  6:00  Hatchery  
  51  6:01  Queen  
  52  6:20  Baneling x4  
  52  6:21  Zergling x4  
  52  6:22  Zergling x6  
  52  6:23  Queen  
  59  6:32  Mutalisk x4  
  59  6:33  Mutalisk  
  69  6:43  Overseer  
  69  6:44  Mutalisk  
  71  6:50  Overlord x2  
  71  6:58  Spore Crawler, Mutalisk  
  72  7:14  Drone x8  
  80  7:23  Mutalisk x2  
  73  7:56  Spawning Pool  
  70  7:59  Mutalisk  
  70  8:00  Mutalisk x3  
  74  8:44  Mutalisk  
  74  8:45  Mutalisk x2  
  74  8:46  Zergling x2  
  74  8:47  Zergling x14  
  88  8:51  Overseer  
  88  9:02  Roach Warren  
  88  9:06  Queen  
  89  9:16  Drone x4  
  89  9:17  Drone x3  
  95  9:20  Extractor  
  95  9:21  Overlord x5  
  95  9:24  Extractor  
  94  9:33  Infestation Pit  
  93  9:50  Overlord x5  
  79  10:27  Mutalisk  
  79  10:28  Roach x6  
  78  10:29  Roach x7  
  100  10:38  Drone x2  
  100  10:40  Drone  
  100  10:42  Overseer  
Show
View Real Time Build Order
Export as new Build Order

Legol Protoss - Winner!

Build Orders:  

Get SALT Encoding   

  12  0:02  Probe  
  13  0:14  Probe  
  13  0:20  Pylon  
  14  0:26  Probe  
  15  0:38  Probe (Chrono Boost)  
  15  0:39  Gateway  
  17  0:50  Probe (Chrono Boost), Assimilator  
  17  1:00  Probe  
  18  1:12  Probe  
  19  1:19  Pylon  
  19  1:24  Probe  
  20  1:34  Cybernetics Core  
  20  1:43  Probe (Chrono Boost)  
  21  1:49  Gateway  
  21  1:53  Probe (Chrono Boost)  
  22  1:58  Probe (Chrono Boost)  
  23  2:06  Assimilator  
  23  2:26  Nexus  
  23  2:27  Stalker  
  23  2:29  Warp Gate  
  25  2:32  Probe  
  26  2:39  Stalker  
  28  2:44  Probe  
  29  2:56  Probe  
  30  3:08  Probe  
  31  3:14  Robotics Facility  
  31  3:28  Pylon  
  31  3:35  Stalker (Chrono Boost)  
  31  3:37  Sentry (Chrono Boost)  
  35  3:52  Probe x2  
  37  4:03  Immortal  
  37  4:04  Probe x2  
  43  4:19  Stalker, Gateway  
  43  4:20  Sentry  
  43  4:21  Forge  
  43  4:23  Pylon  
  47  4:30  Probe (Chrono Boost)  
  49  4:33  Probe (Chrono Boost), Assimilator  
  49  4:36  Observer  
  49  4:38  Assimilator  
  49  4:42  Probe (Chrono Boost)  
  52  4:46  Probe (Chrono Boost)  
  52  4:47  Protoss Ground Weapons Level 1 (Chrono Boost)  
  52  4:54  Probe  
  53  5:05  Probe  
  53  5:06  Probe  
  55  5:15  Stalker  
  55  5:16  Stalker x2  
  55  5:17  Probe  
  55  5:21  Pylon  
  62  5:24  Pylon  
  62  5:32  Pylon  
  62  5:38  Warp Prism, Photon Cannon  
  62  5:42  Photon Cannon  
  64  5:47  Stalker x2  
  68  6:01  Stalker  
  68  6:04  Probe (Chrono Boost)  
  72  6:08  Probe (Chrono Boost)  
  72  6:14  Probe (Chrono Boost)  
  72  6:18  Probe (Chrono Boost)  
  73  6:19  Probe (Chrono Boost)  
  69  6:36  Probe (Chrono Boost)  
  71  6:41  Stalker x3, Probe (Chrono Boost)  
  71  6:46  Immortal  
  71  6:47  Probe (Chrono Boost)  
  82  6:50  Probe (Chrono Boost)  
  83  6:59  Protoss Ground Armor Level 1 (Chrono Boost)  
  83  7:08  Gateway  
  83  7:09  Gateway  
  83  7:11  Gateway  
  83  7:16  Gateway  
  83  7:20  Zealot  
  85  7:29  Pylon  
  85  7:34  Pylon  
  85  7:36  Pylon  
  85  8:05  Nexus  
  85  8:09  Assimilator  
  85  8:12  Zealot x4  
  91  8:13  Assimilator, Zealot x3  
  91  8:15  Pylon  
  99  8:46  Probe  
  99  8:47  Probe  
  91  8:58  Robotics Bay, Probe  
  91  8:59  Probe  
  87  9:04  Twilight Council  
  87  9:11  Stalker x4, Probe x2  
  97  9:22  Immortal  
  101  9:32  Probe x3  
  104  9:44  Probe x2  
  104  9:45  Probe  
  101  9:53  Stalker x5  
  101  9:54  Stalker x2  
  115  10:26  Stalker x5  
  115  10:27  Stalker x2  
Show
View Real Time Build Order
Export as new Build Order

Will Zerg 

Build Orders: Hatch First 

Get SALT Encoding   

  12  0:02  Drone  
  13  0:19  Drone, Overlord  
  14  0:26  Extractor  
  14  0:27  Drone  
  15  0:38  Drone  
  16  0:44  Drone  
  17  0:55  Drone  
  18  1:03  Drone  
  19  1:07  Hatchery, Extractor  
  17  1:21  Drone, Spawning Pool  
  17  1:29  Drone  
  18  1:35  Drone  
  19  1:50  Drone  
  20  1:57  Drone  
  21  2:08  Overlord  
  21  2:11  Metabolic Boost  
  21  2:18  Queen x2  
  26  2:22  Zergling x2  
  26  2:23  Zergling x2  
  27  2:30  Zergling x4  
  27  2:35  Roach Warren  
  28  2:40  Zergling x2  
  28  2:41  Zergling x2  
  30  2:52  Zergling x2  
  30  2:53  Zergling x2  
  32  3:00  Drone  
  33  3:05  Drone  
  34  3:16  Drone x2  
  36  3:24  Overlord x2  
  36  3:36  Overlord x2  
  34  3:49  Drone  
  34  3:50  Drone x3  
  38  4:04  Drone x2  
  38  4:05  Drone x3  
  38  4:07  Hatchery  
  42  4:11  Lair  
  42  4:24  Spine Crawler  
  41  4:25  Spine Crawler  
  40  4:34  Drone x7  
  47  4:39  Drone  
  47  4:40  Drone  
  49  4:49  Zergling x6  
  52  4:55  Drone  
  52  4:56  Drone  
  53  5:02  Drone  
  53  5:03  Drone x5  
  59  5:17  Drone  
  59  5:18  Drone x2  
  62  5:25  Queen  
  62  5:26  Drone  
  65  5:35  Drone x6  
  70  5:54  Extractor  
  69  6:02  Drone x2  
  69  6:03  Drone  
  72  6:11  Zergling x2, Extractor  
  72  6:12  Zergling x2  
  72  6:13  Extractor  
  72  6:14  Extractor x2  
  72  6:16  Roach  
  72  6:34  Drone  
  72  6:35  Overlord  
  72  6:36  Overlord x10  
  73  6:57  Drone x2  
  76  7:01  Drone x2  
  76  7:02  Drone x6  
  83  7:18  Hatchery, Glial Reconstitution  
  82  7:29  Drone  
  83  7:30  Drone x5  
  83  7:33  Roach x2  
  88  7:42  Queen  
  88  7:51  Spore Crawler  
  87  7:53  Spore Crawler  
  86  8:00  Spore Crawler  
  86  8:04  Spore Crawler  
  86  8:05  Spore Crawler x2  
  83  8:10  Hydralisk Den  
  79  8:20  Spore Crawler, Queen x3  
  79  8:25  Roach x6  
  79  8:26  Roach x7  
  110  8:36  Tunneling Claws  
  110  8:37  Spore Crawler  
  110  8:38  Spore Crawler  
  108  8:42  Spore Crawler  
  108  8:43  Spore Crawler  
  108  8:45  Spore Crawler  
  108  8:47  Zergling x14  
  109  8:56  Pneumatized Carapace, Queen  
  109  9:00  Roach  
  109  9:01  Roach x3  
  116  9:06  Roach  
  118  9:14  Drone  
  118  9:15  Drone x4  
  123  9:21  Drone  
  123  9:22  Drone x4  
  123  9:23  Queen  
  130  9:26  Queen  
  129  9:31  Queen  
  129  9:33  Roach x3  
  133  9:38  Queen  
  108  9:54  Roach x8  
  108  9:55  Roach x2  
  108  9:58  Zergling x2  
  71  10:29  Roach x4  
  71  10:30  Roach x10  
Show
View Real Time Build Order
Export as new Build Order

Choubiquem Protoss 

Build Orders:  

Get SALT Encoding   

  12  0:01  Probe  
  13  0:13  Probe  
  14  0:20  Pylon  
  14  0:25  Probe  
  15  0:43  Gateway  
  15  0:44  Probe  
  16  0:56  Probe  
  17  1:04  Assimilator  
  17  1:09  Probe  
  17  1:10  Assimilator  
  18  1:17  Pylon  
  18  1:21  Probe  
  19  1:33  Probe  
  19  1:34  Pylon  
  20  1:45  Probe  
  21  1:59  Cybernetics Core  
  21  2:13  Pylon  
  21  2:14  Probe  
  22  2:15  Pylon  
  22  2:43  Nexus  
  22  2:59  Assimilator  
  22  3:03  Assimilator  
  22  3:09  Probe  
  23  3:21  Probe  
  24  3:32  Protoss Air Weapons Level 1  
  24  3:33  Probe  
  25  3:45  Probe  
  25  3:46  Stargate  
  25  3:48  Stargate  
  26  3:57  Probe  
  27  4:07  Probe  
  27  4:09  Probe  
  29  4:19  Probe  
  29  4:20  Pylon  
  29  4:21  Pylon, Probe  
  31  4:35  Void Ray x2  
  28  5:01  Probe x2  
  26  5:13  Probe x2  
  27  5:25  Probe x2  
  29  5:37  Probe x2  
  31  5:49  Probe x2  
  33  5:59  Void Ray  
  33  6:01  Probe  
  38  6:08  Void Ray  
  42  6:41  Void Ray  
  46  6:53  Probe x2  
  48  7:05  Nexus, Probe  
  49  7:10  Probe  
  50  7:21  Probe  
  51  7:23  Probe  
  31  8:01  Phoenix  
  31  8:02  Phoenix  
  35  8:26  Phoenix x2  
  26  8:44  Probe x3  
  27  8:51  Phoenix  
  29  8:56  Probe  
  29  8:58  Probe x2  
  32  9:08  Probe  
  33  9:10  Probe  
  34  9:32  Probe x2  
  34  9:33  Probe  
  37  9:44  Probe x2  
  31  10:14  Phoenix x2  
Tags
 
Add a new tag
Caveats
  • Supply blocks, unpowered buildings, or Contaminate may cause inaccurate times.
  • Supply counts are checked every 10 seconds.